 Dungeon Sprint DCSS version 0.27.1 (webtiles) character file.

Game seed: 7348206908879113332

798 styxcanada the Unseen (level 7, -9/38 HPs)
             Began as a Spriggan Brigand on Aug 28, 2021.
             Was an Initiate of Gozag.
             Killed from afar by a burning bush (15 damage)
             ... with a puff of flame
             ... in the Dungeon (Sprint IV: "Fedhas' Mad Dash").
             The game lasted 00:05:22 (531 turns).

styxcanada the Unseen (Spriggan Brigand)             Turns: 531, Time: 00:05:23

Health: -9/38      AC:  3    Str:  7    XL:     7   Next: 58%
Magic:  5/8        EV: 22    Int: 12    God:    Gozag
Gold:   369        SH:  0    Dex: 19    Spells: 6/6 levels left

rFire    . . .     SeeInvis +   a - +2 dagger
rCold    . . .     Faith    .   (shield restricted)
rNeg     . . .     Spirit   .   b - +0 robe
rPois    .         Reflect  .   (helmet restricted)
rElec    .         Harm     .   c - +0 cloak
rCorr    .         Rampage  .   (gloves unavailable)
Will     +....     NoTele   +   (boots unavailable)
Stlth    +++++++...             l - amulet of invisibility {+Inv}
HPRegen  0.12/turn              (no ring)
MPRegen  0.11/turn              (no ring)

@: gold aura, very slightly contaminated, invisible, very quick
A: very small, no large weapons, unfitting armour, see invisible, speed 3
a: Renounce Religion, Evoke Invisibility, Potion Petition, Call Merchant, Bribe
Branch


You were in the Dungeon.
You worshipped Gozag.
Gozag was aware of your devotion.
You visited 1 branch You collected 369 gold pieces.

Inventory:

Hand Weapons
 a - a +2 dagger (weapon)
Missiles
 d - 3 poisoned darts (quivered)
 e - a curare-tipped dart
 n - 18 sling bullets
Armour
 b - a +0 robe (worn)
 c - a +0 cloak (worn)
Jewellery
 l - the amulet of invisibility (around neck) {+Inv}
   (You found it in the Dungeon)

   [amulet of nothing]

   +Inv:      It lets you turn invisible.
Scrolls
 k - a scroll of blinking
 m - a scroll of immolation {unknown}
Potions
 f - 2 potions of curing
 g - a potion of heal wounds
 h - a potion of haste
 i - 2 potions of magic
 j - a potion of berserk rage


   Skills:
 * Level 4.9 Fighting
 + Level 4.5 Short Blades
 + Level 5.4 Throwing
 * Level 7.8 Dodging
 * Level 17.7 Stealth
 * Level 7.4 Evocations


You had 6 spell levels left.
You didn't know any spells.
Your spell library was empty.

Dungeon Overview and Level Annotations

Branches:
Dungeon (1/1)

Altars:
Cheibriados
Dithmenos
Elyvilon
Gozag
Hepliaklqana
Kikubaaqudgha
Makhleb
Nemelex Xobeh
Okawaru
Qazlal
Ru
Sif Muna
Trog
Uskayaw
Vehumet
Wu Jian
Xom
Yredelemnul
Zin
The Shining One
Beogh
Jiyva
Lugonu

Shops:
D (:


Innate Abilities, Weirdness & Mutations

You are very small and have problems with some larger weapons.
You are too small for most types of armour.
You have supernaturally acute eyesight. (SInv)
You cover ground extremely quickly. (Speed+++)


Message History

There is an entrance to Vuyras's Book Shop here.
You fail to use your ability.
You fade into invisibility!
You are very lightly contaminated with residual magic.
You open the door.
A wandering mushroom and a burning bush come into view.
Found a scroll labelled MAM XUYKHESM and 15 gold pieces.
A scorpion and a wandering mushroom come into view.
There is an open door here.
You see here a scroll labelled MAM XUYKHESM.
You hit the burning bush but do no damage.
The helpless wandering mushroom fails to defend itself.
You stick the wandering mushroom like a pincushion!!!!
You destroy the wandering mushroom!
Your Fighting skill increases to level 4!
Your Short Blades skill increases to level 4!
Your Dodging skill increases to level 6!
Your Stealth skill gained 2 levels and is now at level 16!
Your Evocations skill gained 2 levels and is now at level 5!
The helpless wandering mushroom fails to defend itself.
You skewer the wandering mushroom like a kebab!!!!
You destroy the wandering mushroom!
The burning bush throws fire at you. The puff of flame hits you!
Your Throwing skill increases to level 5!
Your Dodging skill increases to level 7!
Your Stealth skill increases to level 17!
Your Evocations skill gained 2 levels and is now at level 7!
You have reached level 7!
You see here 36 gold pieces.
The helpless scorpion fails to defend itself.
You spit the scorpion like a pig!!!!
You kill the scorpion!
The burning bush throws fire at you. The puff of flame hits you!
* * * LOW HITPOINT WARNING * * *
The burning bush throws fire at you. The puff of flame hits you!
You die...
Your body crumbles into a pile of gold.

####################
._._.⌠.#..'...#.$..#
_._._.)'..#...#.$.P+
._._...#..###'##@?$#
$$
_._._..#..##∩∩.'..$#
._._.⌠.#############
######## $ $ $$ $


You could see a burning bush.

Vanquished Creatures
  2 wandering mushrooms (D)
  3 scorpions (D)
  3 oklob saplings (D)
  2 spriggans (D)
  A river rat (D)
  A rat (D)
12 creatures vanquished.

Vanquished Creatures (others)
  2 fungi (D)
2 creatures vanquished.

Grand Total: 14 creatures vanquished

Notes
Turn   | Place    | Note
-------+----------+-------------------------------------------
     0 | D        | styxcanada the Spriggan Brigand began the quest for the
                  | Orb.
     0 | D        | Reached XP level 1. HP: 10/10 MP: 2/2
    25 | D        | Reached skill level 7 in Stealth
    25 | D        | Reached XP level 2. HP: 9/15 MP: 3/3
   135 | D        | Noticed an oklob sapling
   136 | D        | Killed an oklob sapling
   137 | D        | Reached skill level 9 in Stealth
   137 | D        | Reached XP level 3. HP: 18/18 MP: 4/4
   138 | D        | Noticed a scorpion
   138 | D        | Found the amulet of invisibility {+Inv}
   140 | D        | Killed a scorpion
   141 | D        | Reached skill level 11 in Stealth
   141 | D        | Reached XP level 4. HP: 23/23 MP: 5/5
   183 | D        | Found an opulent altar of Gozag.
   183 | D        | Found a hazy altar of Hepliaklqana.
   183 | D        | Found a burning altar of Makhleb.
   183 | D        | Found a sparkling altar of Nemelex Xobeh.
   183 | D        | Found a snail-covered altar of Cheibriados.
   183 | D        | Found a sacrificial altar of Ru.
   183 | D        | Found a shimmering blue altar of Sif Muna.
   183 | D        | Found a shimmering altar of Xom.
   183 | D        | Found a basalt altar of Yredelemnul.
   184 | D        | Found a viscous altar of Jiyva.
   184 | D        | Found a bloodstained altar of Trog.
   184 | D        | Found an ornate altar of the Wu Jian Council.
   185 | D        | Found an iron altar of Okawaru.
   185 | D        | Found a shadowy altar of Dithmenos.
   185 | D        | Found a glowing silver altar of Zin.
   186 | D        | Found an ancient bone altar of Kikubaaqudgha.
   186 | D        | Found a hide-covered altar of Uskayaw.
   187 | D        | Found a stormy altar of Qazlal.
   187 | D        | Found a white marble altar of Elyvilon.
   187 | D        | Found a glowing golden altar of the Shining One.
   188 | D        | Became a worshipper of Gozag Ym Sagoz the Greedy
   189 | D        | Found a corrupted altar of Lugonu.
   189 | D        | Found a radiant altar of Vehumet.
   193 | D        | Reached skill level 12 in Stealth
   193 | D        | Reached XP level 5. HP: 28/28 MP: 3/6
   254 | D        | Reached skill level 5 in Dodging
   254 | D        | Reached skill level 13 in Stealth
   266 | D        | Reached skill level 14 in Stealth
   310 | D        | Reached XP level 6. HP: 20/33 MP: 7/7
   449 | D        | Found Vuyras's Book Shop.
   449 | D        | Found Foyssoog's Weapon Emporium.
   522 | D        | Noticed a burning bush
   522 | D        | Noticed a wandering mushroom
   523 | D        | Noticed a wandering mushroom
   527 | D        | Killed a wandering mushroom
   528 | D        | Reached skill level 16 in Stealth
   528 | D        | Reached skill level 5 in Evocations
   528 | D        | Killed a wandering mushroom
   529 | D        | Reached skill level 5 in Throwing
   529 | D        | Reached skill level 17 in Stealth
   529 | D        | Reached XP level 7. HP: 21/38 MP: 5/8
   531 | D        | Killed from afar by a burning bush

Illustrated notes

Levels and vault maps discovered:
D:        dungeon_sprint_fedhas [sprint_temple]

Skill      XL: |  1  2  3  4  5  6 |
---------------+-------------------+-----
Fighting       | 2 3 4 |  4.9
Dodging        | 2 3 4 5 7 |  7.8
Stealth        | 7 9 11 12 14 17 | 17.7
Short Blades   | 3 4 |  4.5
Throwing       | 3 4 5 |  5.4
Evocations     | 2 3 7 |  7.4

Action                   |  1- 3 |  4- 6 |  7- 9 || total
-------------------------+-------+-------+-------++-------
Melee: Dagger            |     7 |     8 |     1 ||    16
Throw: Dart              |     9 |    10 |       ||    19
 Abil: Evoke Invisibilit |       |     4 |       ||     4
 Stab: Sleeping          |     2 |     4 |     1 ||     7
Armor: Robe              |     1 |       |       ||     1
Dodge: Dodged            |     5 |     4 |       ||     9
